 Dungeon Crawl Stone Soup version 0.32-a0-918-g0f22ef8d61 (console) character file.

Game seed: 74647779157114124

5703 jejorda2 the Spear-Bearer (level 10, -4/82 HPs)
             Began as a Gnoll Berserker on Apr 10, 2024.
             Was an Elder of Trog.
             Slain by a killer bee (7 damage)
             ... on level 9 of the Dungeon.
             The game lasted 00:21:11 (9415 turns).

jejorda2 the Spear-Bearer (Gnoll Berserker)         Turns: 9415, Time: 00:21:11

Health: -4/82      AC: 21    Str: 20    XL:     10   Next: 76%
Magic:  18/18      EV:  6    Int:  5    God:    Trog [****..]
Gold:   447        SH:  7    Dex:  8    Spells: 20/20 levels left

rFire   . . .        a - +5 spear (heavy)
rCold   + . .        f - +3 warlock's mirror {omnireflect}
rNeg    + . .        A - +1 plate armour
rPois   +            (no helmet)
rElec   .            b - +2 ratskin cloak {*Rats rPois rN+ Str-1 Int-1 Dex+1}
rCorr   .            (no gloves)
SInv    +            (no boots)
Will    .....        e - amulet of faith Stlth
                     j - ring of Lies {+Blink rC+ Dex-5 SInv}
HPRegen 0.33/turn    C - +4 ring of protection
MPRegen 0.16/turn

%: reflection, faith
@: lethally poisoned (-4 -> -12), about to teleport, on berserk cooldown,
slowed, very slow
A: fangs 1, strong nose, distributed training
a: Renounce Religion, Evoke Blink, Berserk, Trog's Hand, Brothers in Arms


You were on level 9 of the Dungeon.
You worshipped Trog.
Trog was greatly pleased with you.
You visited 1 branch of the dungeon, and saw 9 of its levels.

You collected 447 gold pieces.

Inventory:

Hand Weapons
 a - a +5 heavy spear (weapon)
Missiles
 g - 4 poisoned darts
 r - 3 javelins (quivered)
 u - 3 curare-tipped darts
 v - 3 throwing nets
 M - 10 boomerangs
Armour
 b - the +2 ratskin cloak (worn) {*Rats rPois rN+ Str-1 Int-1 Dex+1}
   (You acquired it on level 8 of the Dungeon)

   *Rats:     When the wearer is hurt, rats may emerge from it to assist them.
   Str-1:     It affects your strength (-1).
   Int-1:     It affects your intelligence (-1).
   Dex+1:     It affects your dexterity (+1).
   rPois:     It protects you from poison.
   rN+:       It protects you from negative energy.
 f - the +3 warlock's mirror (worn) {omnireflect}
   (You acquired it on level 8 of the Dungeon)

   Omnireflect: It can block and reflect piercing ranged attacks and magical
   attacks against the wielder's willpower.
 A - a +1 plate armour (worn)
Jewellery
 e - an amulet of faith (around neck)
 i - an amulet of magic regeneration
 j - the ring of Lies (left hand) {+Blink rC+ Dex-5 SInv}
   (You acquired it on level 8 of the Dungeon)

   [ring of protection from cold]

   Dex-5:     It affects your dexterity (-5).
   rC+:       It protects you from cold.
   SInv:      It lets you see invisible.
   +Blink:    It lets you blink.
 C - a +4 ring of protection (right hand)
 N - a ring of flight
Wands
 p - a wand of flame (17)
 t - a wand of charming (13)
 K - a wand of mindburst (15)
Scrolls
 d - 3 scrolls of blinking
 s - a scroll of fog
 w - 2 scrolls of enchant weapon
 x - 2 scrolls of brand weapon
 H - a scroll of revelation
Potions
 h - 3 potions of enlightenment
 m - 2 potions of lignification {unknown}
 n - 4 potions of haste
 q - 3 potions of attraction {unknown}
 z - a potion of might {unknown}
 D - a potion of degeneration {unknown}
 E - 2 potions of mutation
 G - 4 potions of curing


   Skills:
 + Level 8.8 Fighting
 + Level 5.8 Short Blades
 + Level 5.8 Long Blades
 + Level 5.8 Axes
 + Level 5.8 Maces & Flails
 + Level 8.8 Polearms
 + Level 5.8 Staves
 + Level 5.8 Ranged Weapons
 + Level 5.8 Throwing
 + Level 7.4 Armour
 + Level 7.4 Dodging
 + Level 5.8 Stealth
 + Level 5.8 Shields
 + Level 5.8 Unarmed Combat
 + Level 5.8 Spellcasting
 + Level 4.8 Conjurations
 + Level 4.8 Hexes
 + Level 4.8 Summonings
 + Level 4.8 Necromancy
 + Level 4.8 Translocations
 + Level 4.8 Fire Magic
 + Level 4.8 Ice Magic
 + Level 4.8 Air Magic
 + Level 4.8 Earth Magic
 + Level 4.8 Alchemy
 + Level 6.3 Invocations
 + Level 5.8 Evocations
 + Level 5.2 Shapeshifting


You had 20 spell levels left.
You didn't know any spells.
Your spell library was empty.

Dungeon Overview and Level Annotations

Branches:
Dungeon (9/15)             Temple (0/1) D:6            Lair (0/5) D:9
    Orc: D:9-12

Altars:
Cheibriados
Dithmenos
Elyvilon
Gozag
Makhleb
Okawaru
Sif Muna
Uskayaw
Vehumet
Zin

Shops:
D:9 (=


Innate Abilities, Weirdness & Mutations

You have very sharp teeth.
Your uncanny sense of smell can sniff out nearby items.
Your experience applies equally to all skills.


Message History

You block the killer bee's attack.
The killer bee stings you but does no damage. x2
You block the killer bee's attack.
The killer bee stings you but does no damage. x2
The killer bee completely misses you. x2
The killer bee stings you but does no damage.
The killer bee stings you.
You puncture the killer bee!
The killer bee is heavily wounded.
You feel sick. The killer bee closely misses you. x2
The killer bee stings you but does no damage.
The killer bee stings you. You block the killer bee's attack.
The killer bee stings you but does no damage. x2
You block the killer bee's attack. The killer bee stings you.
* * * LOW HITPOINT WARNING * * *
The killer bee stings you but does no damage. x3
The killer bee stings you.
* * * LOW HITPOINT WARNING * * *
The killer bee stings you but does no damage. x2
The killer bee stings you!
* * * LOW HITPOINT WARNING * * *
The killer bee stings you but does no damage. x2
Okay, then.
As you read the scroll labelled BADGHU MUNEISON, it crumbles to dust.
You feel strangely unstable.
It was a scroll of teleportation.
You hear the faint creaking of a portcullis nearby.
You are no longer corroded.
You feel sick.
The killer bee stings you but does no damage.
You block the killer bee's attack.
The killer bee stings you but does no damage.
You block the killer bee's attack. The killer bee closely misses you.
The killer bee stings you but does no damage. x5
The killer bee barely misses you. The killer bee stings you.
* * * LOW HITPOINT WARNING * * *
You are lethally poisoned!
The killer bee poisons you!
The killer bee stings you but does no damage. x3
The killer bee stings you!
You die...

,,,,,,,,,,...[.......# #.........
,,,..................# #######.[.
,,,..................# #...##
,,,..................# #.###
,,,..................# #####.####
,,,..................#######.....
,,,..................#######.....
,,,............yyy)####..........
,,,...........Dy@>#∩#...#####....
,,,............yy.###########....
,,,..................########....
,,,..................########....
,,,...........[......########<...
,,,..................########....
***##########.###.###########....
#.# #.# ########### *,* *,*
###########


You could see an acid dragon and 6 killer bees.

Vanquished Creatures
  The ghost of JoadsterXIII the Trooper, a novice CoFi of Beogh (D:4)
  Prince Ribbit (D:6)
  6 yaks (D:8)
  2 steam dragons
  Menkaure (D:5)
  An acid dragon (D:9)
  4 water moccasins
  A sky beast (D:6)
  2 orc warriors
  5 black bears
  A centaur (D:8)
  6 phantoms
  3 bullfrogs
  Blork the orc (D:5)
  A gnoll sergeant (D:8)
  9 wights
  2 howler monkeys
  A lava snake (D:8)
  A jelly (D:4)
  4 orc priests
  2 hounds
  2 gnoll boudas (D:6)
  3 sleepcaps
  An iguana (D:7)
  8 orc wizards
  Natasha (thrice) (D:2)
  17 gnolls
  10 adders
  2 white imps
  An ufetubus (D:5)
  3 dart slugs
  7 ribbon worms
  29 orcs
  8 bats
  5 endoplasms
  3 giant cockroaches
  5 goblins
  7 hobgoblins
  5 jackals
  9 kobolds
  3 quokkas (D:3)
  4 ball pythons
  6 frilled lizards
  5 rats
201 creatures vanquished.

Vanquished Creatures (collateral kills)
  A yak (D:8)
  A howler monkey (D:8)
2 creatures vanquished.

Grand Total: 203 creatures vanquished

Notes
Turn   | Place    | Note
-------+----------+-------------------------------------------
     0 | D:1      | jejorda2 the Gnoll Berserker began the quest for the Orb.
     0 | D:1      | Reached XP level 1. HP: 23/23 MP: 1/1
   217 | D:1      | Reached XP level 2. HP: 29/29 MP: 2/2
   264 | D:1      | Found a faded altar of an unknown god.
   412 | D:1      | Reached XP level 3. HP: 31/35 MP: 3/3
   735 | D:2      | Reached ** piety under Trog
   804 | D:2      | Reached skill level 1 in Invocations
   897 | D:2      | Found a shadowy altar of Dithmenos.
   967 | D:2      | Reached skill level 1 in Short Blades
   967 | D:2      | Reached skill level 1 in Long Blades
   967 | D:2      | Reached skill level 1 in Axes
   967 | D:2      | Reached skill level 1 in Maces & Flails
   967 | D:2      | Reached skill level 1 in Staves
   967 | D:2      | Reached skill level 1 in Ranged Weapons
   967 | D:2      | Reached skill level 1 in Throwing
   967 | D:2      | Reached skill level 1 in Stealth
   967 | D:2      | Reached skill level 1 in Shields
   967 | D:2      | Reached skill level 1 in Unarmed Combat
   967 | D:2      | Reached skill level 1 in Spellcasting
   967 | D:2      | Reached skill level 1 in Evocations
   993 | D:2      | Noticed Natasha
  1003 | D:2      | Killed Natasha
  1004 | D:2      | Reached skill level 1 in Shapeshifting
  1004 | D:2      | Reached XP level 4. HP: 41/41 MP: 5/5
  1415 | D:2      | Found a shadowy altar of Dithmenos.
  1913 | D:2      | Noticed Natasha
  1926 | D:2      | Killed Natasha
  1927 | D:2      | Reached skill level 1 in Conjurations
  1927 | D:2      | Reached skill level 1 in Hexes
  1927 | D:2      | Reached skill level 1 in Summonings
  1927 | D:2      | Reached skill level 1 in Necromancy
  1927 | D:2      | Reached skill level 1 in Translocations
  1927 | D:2      | Reached skill level 1 in Fire Magic
  1927 | D:2      | Reached skill level 1 in Ice Magic
  1927 | D:2      | Reached skill level 1 in Air Magic
  1927 | D:2      | Reached skill level 1 in Earth Magic
  1927 | D:2      | Reached skill level 1 in Alchemy
  2011 | D:2      | Noticed Natasha
  2013 | D:2      | Found a shadowy altar of Dithmenos.
  2021 | D:2      | Killed Natasha
  2022 | D:2      | Reached XP level 5. HP: 27/47 MP: 5/7
  2673 | D:3      | Reached *** piety under Trog
  3009 | D:4      | Noticed an orc warrior
  3010 | D:4      | Noticed JoadsterXIII's ghost (novice CoFi)
  3111 | D:4      | Identified the +1 robe "Zesumyfo" {+Inv rC+}
  3111 | D:4      | Noticed a black bear
  3128 | D:4      | Killed a black bear
  3129 | D:4      | Reached skill level 5 in Armour
  3129 | D:4      | Reached skill level 5 in Dodging
  3129 | D:4      | Reached XP level 6. HP: 53/53 MP: 7/9
  3485 | D:4      | Found a runed translucent gate.
  3485 | D:4      | Found a runed translucent gate.
  3485 | D:4      | Found a runed translucent gate.
  3531 | D:4      | Killed an orc warrior
  3532 | D:4      | Reached XP level 7. HP: 60/60 MP: 10/10
  3549 | D:4      | HP: 3/60 [JoadsterXIII's ghost (6)]
  3550 | D:4      | Killed JoadsterXIII's ghost
  3716 | D:4      | Reached XP level 8. HP: 58/63 MP: 12/12
  3928 | D:4      | Found a burning altar of Makhleb.
  4123 | D:5      | Entered Level 5 of the Dungeon
  4222 | D:5      | Noticed Menkaure
  4234 | D:5      | Killed Menkaure
  4272 | D:5      | Noticed Blork the orc
  4305 | D:5      | Killed Blork the orc
  4808 | D:5      | You fall into a shaft and drop 2 floors!
  4875 | D:6      | Reached XP level 9. HP: 49/73 MP: 14/14
  5101 | D:6      | Found a snail-covered altar of Cheibriados.
  5101 | D:6      | Noticed Prince Ribbit
  5153 | D:5      | Found an opulent altar of Gozag.
  5355 | D:5      | Found an iron altar of Okawaru.
  5412 | D:6      | Found a shimmering blue altar of Sif Muna.
  5595 | D:6      | Killed Prince Ribbit
  5651 | D:6      | Found a staircase to the Ecumenical Temple.
  5918 | D:6      | Reached skill level 5 in Invocations
  5920 | D:6      | Reached **** piety under Trog
  6196 | D:6      | Found a glowing silver altar of Zin.
  6196 | D:6      | Found a radiant altar of Vehumet.
  6905 | D:7      | Reached skill level 5 in Short Blades
  6905 | D:7      | Reached skill level 5 in Long Blades
  6905 | D:7      | Reached skill level 5 in Axes
  6905 | D:7      | Reached skill level 5 in Maces & Flails
  6905 | D:7      | Reached skill level 5 in Staves
  6905 | D:7      | Reached skill level 5 in Ranged Weapons
  6905 | D:7      | Reached skill level 5 in Throwing
  6905 | D:7      | Reached skill level 5 in Stealth
  6905 | D:7      | Reached skill level 5 in Shields
  6905 | D:7      | Reached skill level 5 in Unarmed Combat
  6905 | D:7      | Reached skill level 5 in Spellcasting
  6905 | D:7      | Reached skill level 5 in Evocations
  6950 | D:7      | Reached XP level 10. HP: 72/81 MP: 17/17
  8149 | D:8      | Identified 2 scrolls of acquirement
  8149 | D:8      | Acquired the +2 ratskin cloak {*Rats rPois rN+ Str-1 Int-1
                  | Dex+1}
  8149 | D:8      | Found the +2 ratskin cloak {*Rats rPois rN+ Str-1 Int-1
                  | Dex+1}
  8165 | D:8      | Acquired the +3 warlock's mirror {omnireflect}
  8165 | D:8      | Found the +3 warlock's mirror {omnireflect}
  8473 | D:8      | Reached skill level 5 in Shapeshifting
  8520 | D:8      | Found a hide-covered altar of Uskayaw.
  8697 | D:8      | Found a white marble altar of Elyvilon.
  8884 | D:8      | Acquired the ring of Lies {+Blink rC+ Dex-5 SInv}
  9320 | D:9      | Found Rioxetu's Jewellery Boutique.
  9362 | D:9      | Found Coghunu's Weapon Emporium.
  9415 | D:9      | HP: 3/82 [killer bee (5)]
  9415 | D:9      | Slain by a killer bee

Illustrated notes

Levels and vault maps discovered:
D:1:      dpeg_arrival_rhombus, layout_loops_ring,
          dreamdust_ecumenical_altar_grove, chequers_serial_rivers_micro_c
D:2:      layout_basic, basic_altar, uniq_natasha
D:3:      layout_loops_ring, corexii_hall_statues_i
D:4:      layout_basic, bloody_makhleb, gammafunk_ghost_split
D:5:      kennysheep_six_static_rooms, layout_basic,
          mainiacjoe_overflow_alcove_2, mainiacjoe_overflow_chevrons,
          hangedman_decor_riveting, uniq_menkaure, uniq_blork_the_orc
D:6:      layout_loops_ring, grunt_temple_overflow_open,
          minmay_temple_entry_junction, dreamdust_princess_corridor,
          dreamdust_gnoll_farm, uniq_prince_ribbit1
D:7:      layout_layer_cave
D:8:      layout_loops_ring, kennysheep_mini, nicolae_uskayaw_suspiria
D:9:      layout_basic, pdpol_wu_jian_five_deadly_venoms, lair_entry_dummy,
          serial_shops, nicolae_shop_just_a_little_nook,
          nicolae_shop_tiny_glass, shop, shop, shop, enter_bailey_2

Skill      XL: |  1  2  3  4  5  6  7  8  9 10 |
---------------+-------------------------------+-----
Invocations    | 1 2 3 4 5 6 |  6.3
Short Blades   | 1 2 3 5 |  5.8
Long Blades    | 1 2 3 5 |  5.8
Axes           | 1 2 3 5 |  5.8
Maces & Flails | 1 2 3 5 |  5.8
Staves         | 1 2 3 5 |  5.8
Ranged Weapons | 1 2 3 5 |  5.8
Throwing       | 1 2 3 5 |  5.8
Stealth        | 1 2 3 5 |  5.8
Shields        | 1 2 3 5 |  5.8
Unarmed Combat | 1 2 3 5 |  5.8
Spellcasting   | 1 2 3 5 |  5.8
Evocations     | 1 2 3 5 |  5.8
Shapeshifting  | 1 2 3 4 5 |  5.2
Conjurations   | 1 2 3 4 |  4.8
Hexes          | 1 2 3 4 |  4.8
Summonings     | 1 2 3 4 |  4.8
Necromancy     | 1 2 3 4 |  4.8
Translocations | 1 2 3 4 |  4.8
Fire Magic     | 1 2 3 4 |  4.8
Ice Magic      | 1 2 3 4 |  4.8
Air Magic      | 1 2 3 4 |  4.8
Earth Magic    | 1 2 3 4 |  4.8
Alchemy        | 1 2 3 4 |  4.8
Armour         | 5 6 7 |  7.4
Dodging        | 5 6 7 |  7.4
Fighting       | 7 8 |  8.8
Polearms       | 7 8 |  8.8

Action                     |  1- 3 |  4- 6 |  7- 9 | 10-12 || total
---------------------------+-------+-------+-------+-------++-------
  Melee: Spear             |   126 |   207 |   260 |   201 ||   794
         Bite              |     7 |    17 |    40 |    24 ||    88
         Halberd           |       |    19 |    73 |       ||    92
         Trident           |       |       |   151 |       ||   151
 Invoke: Berserk           |     1 |     4 |     3 |     1 ||     9
         Trog's Hand       |       |     1 |     6 |     2 ||     9
    Use: Scroll            |       |       |       |    22 ||    22
 Armour: Leather armour    |    22 |       |       |       ||    22
         Chain mail        |    38 |   123 |    51 |       ||   212
         Plate armour      |       |       |   288 |   180 ||   468
  Dodge: Dodged            |    17 |    36 |    93 |    40 ||   186
  Block: Tower shield      |    49 |   100 |   253 |    32 ||   434
         Buckler           |       |       |       |    48 ||    48
         Reflection        |       |       |       |     2 ||     2

Table legend: (Time is in decaauts)
 A = Elapsed time spent in this place.
 B = Non-inter-level travel time spent in this place.
 C = Inter-level travel time spent in this place.
 D = Time resting spent in this place.
 E = Time spent auto-exploring this place.
 F = Levels seen in this place.
 G = Mean time per level.
                   A        B        C        D        E       F      G
               +--------+--------+--------+--------+--------+-----+--------+
         Total |   9565 |   9040 |    525 |    333 |   6691 |   9 | 1062.8 |
       Dungeon |   9565 |   9040 |    525 |    333 |   6691 |   9 | 1062.8 |
               +--------+--------+--------+--------+--------+-----+--------+

Top non-repeatable levels by time:
     D:7: 1912 daAuts
     D:2: 1505 daAuts
     D:5: 1197 daAuts
     D:3: 1186 daAuts
     D:6: 1156 daAuts
     D:8: 975 daAuts
     D:4: 903 daAuts
     D:1: 628 daAuts
     D:9: 99 daAuts
